 Dungeon Crawl Stone Soup version 0.19-a0-1803-g97ff39f (webtiles) character file.

2096 Naow the Cleaver (level 9, 0/70 HPs)
             Began as a Minotaur Berserker on Oct 5, 2016.
             Was an Elder of Trog.
             Slain by a vampire (2 damage)
             ... on level 7 of the Dungeon.
             The game lasted 00:09:35 (6841 turns).

Naow the Cleaver (Minotaur Berserker)               Turns: 6841, Time: 00:09:35

Health: 0/70       AC: 12    Str: 27    XL:     9   Next: 7%
Magic:  8/8        EV:  9    Int:  5    God:    Trog [****..]
Gold:   432        SH:  0    Dex: 11    Spells: 0 memorised, 8 levels left

rFire  . . .     SeeInvis .     a - +0 hand axe
rCold  . . .     Gourm    .     p - +1 chain mail of Dakhopp {Str+6 Int-2} (curse)
rNeg   . . .     Faith    .     (no shield)
rPois  .         Spirit   .     (helmet restricted)
rElec  .         Dismiss  .     (no cloak)
rCorr  .         Reflect  .     (no gloves)
MR     .....     Harm     .     (no boots)
Stlth  ..........               (no amulet)
                                (no ring)
                                F - +3 ring of protection

@: confused
A: retaliatory headbutt, horns 2
a: Berserk, Trog's Hand, Brothers in Arms, Burn Spellbooks, Renounce Religion


You were on level 7 of the Dungeon.
You worshipped Trog.
Trog was greatly pleased with you.
You were not hungry.

You visited 1 branch of the dungeon, and saw 7 of its levels.

You collected 432 gold pieces.

Inventory:

Hand Weapons
 a - a +0 hand axe (weapon)
Armour
 b - a +0 animal skin
 o - a +0 ring mail
 p - the cursed +1 chain mail of Dakhopp (worn) {Str+6 Int-2}
   (You found it on level 5 of the Dungeon)

   It affects your strength (+6).
   It affects your intelligence (-2).
   It has a curse placed upon it.
 J - a +0 plate armour
Jewellery
 F - a +3 ring of protection (left hand)
Wands
 w - a wand of digging (17/24)
Scrolls
 d - a scroll of noise {unknown}
 e - a scroll of magic mapping {unknown}
 f - 2 scrolls of blinking {unknown}
 g - 4 scrolls of enchant weapon {unknown}
 i - 6 scrolls of identify {unknown}
 n - 5 scrolls of teleportation {unknown}
 r - 3 scrolls of remove curse {unknown}
 s - 3 scrolls of fog {unknown}
 v - a scroll of fear {unknown}
 y - 2 scrolls of recharging {unknown}
 C - a scroll of enchant armour {unknown}
 G - a scroll of immolation {unknown}
 H - 2 scrolls of brand weapon {unknown}
Potions
 h - 2 potions of lignification {unknown}
 j - 2 potions of agility {unknown}
 k - a potion of resistance {unknown}
 m - a potion of mutation {unknown}
 t - 2 potions of curing {unknown}
 u - a potion of beneficial mutation {unknown}
 x - 3 potions of cure mutation {unknown}
 B - 2 potions of heal wounds {unknown}
 D - a potion of flight {unknown}
Books
 E - a book of Necromancy

   Spells                             Type                      Level
   a - Pain                           Necromancy                   1
   b - Animate Skeleton               Necromancy                   1
   c - Vampiric Draining              Necromancy                   3
   d - Regeneration                   Charms/Necromancy            3
   e - Animate Dead                   Necromancy                   4
   f - Control Undead                 Necromancy                   4
   Trog disapproves of the use of such an item.
 I - a book of Flames

   Spells                             Type                      Level
   a - Flame Tongue                   Conjuration/Fire             1
   b - Throw Flame                    Conjuration/Fire             2
   c - Conjure Flame                  Conjuration/Fire             3
   d - Inner Flame                    Hexes/Fire                   3
   e - Sticky Flame                   Conjuration/Fire             4
   f - Fireball                       Conjuration/Fire             5
   Trog disapproves of the use of such an item.
Comestibles
 c - 9 bread rations
 l - 7 fruits
 q - a beef jerky
 A - a slice of pizza


   Skills:
 - Level 3.6 Fighting
 + Level 14.0 Axes
 - Level 2.4 Armour
 - Level 2.1 Dodging


You had 8 spell levels left.
You didn't know any spells.

Dungeon Overview and Level Annotations

Branches:
Dungeon (7/15)             Temple (0/1) D:4

Altars:
Ashenzari
Cheibriados
Dithmenos
Fedhas
Gozag
Uskayaw
Yredelemnul
The Shining One

Shops:
D:4 ([(   D:7 [


Innate Abilities, Weirdness & Mutations

You reflexively headbutt those who attack you in melee.
You have a pair of horns on your head.


Message History

You hear some strange, mumbled words.
You are confused.
You're too confused!
You're too confused!
You hit something. Something hits you.
* * * LOW HITPOINT WARNING * * *
Something bites you.
* * * LOW HITPOINT WARNING * * *
Something draws strength from your injuries!
Something hits you!
* * * LOW HITPOINT WARNING * * *
Something bites you but does no damage.
Found a scroll labeled ECVINU YCRE.
Unknown command.
Found a meat ration.
Found five items.
There is an open door here.
You slash something! Something hits you.
You die...

##.#
###..###%.(##
...#
#..).##$...%##
####
##....#[.!...?#
#.....#.......#
#....##$.....%#
#....# #.....#
#..### #...#
#(########'####
#..........@..#
#.............#
#.............#
####)########.#
##.).## .#
##.....## .#
#.......# #
#.......#
#.......#


There were no monsters in sight!

Vanquished Creatures
  An ice beast (D:7)
  2 orc warriors (D:6)
  A necrophage (D:6)
  2 ogres
  3 centaurs
  2 big kobolds (D:7)
  A bullfrog (D:6)
  5 scorpions
  3 crimson imps
  An orc priest (D:4)
  3 hounds
  7 orc wizards
  A bullfrog skeleton (D:5)
  A centaur skeleton (D:4)
  An iguana (D:6)
  4 worker ants
  2 killer bee zombies
  A hound skeleton (D:6)
  8 gnolls
  6 adders
  An ooze (D:5)
  An adder skeleton (D:7)
  4 worms
  2 dart slugs
  2 leopard geckos
  15 orcs
  6 giant cockroaches
  6 hobgoblins
  9 jackals
  7 kobolds
  A quokka (D:4)
  3 ball pythons (D:4)
  3 bats
  4 frilled lizards
  8 goblins
  2 goblin zombies (D:5)
  2 kobold skeletons (D:5)
  3 kobold zombies (D:5)
  A leopard gecko zombie (D:5)
  6 rats
  A fungus (D:1)
142 creatures vanquished.

Notes
Turn   | Place    | Note
-------+----------+-------------------------------------------
     0 | D:1      | Naow the Minotaur Berserker began the quest for the Orb.
     0 | D:1      | Reached XP level 1. HP: 19/19 MP: 0/0
    35 | D:1      | Reached skill level 4 in Axes
    39 | D:1      | Reached XP level 2. HP: 11/26 MP: 1/1
   510 | D:1      | Reached ** piety under Trog
   771 | D:1      | Reached skill level 5 in Axes
   803 | D:2      | Reached XP level 3. HP: 29/31 MP: 2/2
  1054 | D:2      | Reached XP level 4. HP: 34/39 MP: 3/3
  1181 | D:2      | Reached skill level 6 in Axes
  2032 | D:3      | Found a blossoming altar of Fedhas.
  2141 | D:3      | Found a shattered altar of Ashenzari.
  2248 | D:3      | Noticed a centaur
  2255 | D:3      | Killed a centaur
  2255 | D:3      | Reached skill level 7 in Axes
  2255 | D:3      | Reached XP level 5. HP: 31/45 MP: 4/4
  2771 | D:4      | Reached skill level 8 in Axes
  3309 | D:4      | Found a snail-covered altar of Cheibriados.
  3331 | D:4      | Reached XP level 6. HP: 37/51 MP: 5/5
  3663 | D:4      | Reached skill level 9 in Axes
  3702 | D:4      | Found Ygeu's Weapon Emporium.
  4091 | D:4      | Reached XP level 7. HP: 33/57 MP: 6/6
  4107 | D:4      | Found Eheis's Antique Armour Boutique.
  4116 | D:4      | Reached *** piety under Trog
  4150 | D:4      | Found a staircase to the Ecumenical Temple.
  4623 | D:4      | Found Aserr's Weapon Shoppe.
  4713 | D:5      | Entered Level 5 of the Dungeon
  4720 | D:5      | Got a translucent chain mail
  4731 | D:5      | Identified the cursed +1 chain mail of Dakhopp {Str+6 Int-2} (You found it on level 5 of the Dungeon)
  4746 | D:5      | Reached skill level 10 in Axes
  5183 | D:5      | Found a glowing golden altar of the Shining One.
  5204 | D:5      | Reached skill level 11 in Axes
  5555 | D:5      | Found a hide-covered altar of Uskayaw.
  5709 | D:6      | Reached XP level 8. HP: 64/64 MP: 7/7
  5785 | D:6      | Reached skill level 12 in Axes
  5937 | D:6      | Reached **** piety under Trog
  5997 | D:6      | Found a shadowy altar of Dithmenos.
  6039 | D:6      | Found an opulent altar of Gozag.
  6142 | D:6      | Found a basalt altar of Yredelemnul.
  6386 | D:6      | Reached skill level 13 in Axes
  6451 | D:7      | Found Rud Nog's Antique Armour Shoppe.
  6797 | D:7      | Reached XP level 9. HP: 55/70 MP: 8/8
  6805 | D:7      | Reached skill level 14 in Axes
  6837 | D:7      | HP: 1/70 [something (7)]
  6841 | D:7      | Slain by a vampire

Vault maps used:
D:1:      dpeg_chamrin_arrival_tetris, minmay_gold_behind_fungi,
          minmay_misc_feat_pillars, serial_bayou_ford_a
D:3:      marbit_many_paths, lemuel_doored_altar
D:4:      nicolae_overflow_hidden_temple, kennysheep_slug_shrine, serial_shops,
          shop, shop, nicolae_shop_trees, first_bread
D:5:      nicolae_tso_besieged_by_evil, kennysheep_mini_moat, bh_walls_and_bars
D:6:      nicolae_overflow_crystal_walls, lemuel_crystal_altar,
          nicolae_dithmenos_the_darkroom
D:7:      minmay_opposing_rooms, lemuel_round_altar, old_standard_altar,
          lemuel_blue_sif_altar, serial_shops, nicolae_shop_waterfront

Skill      XL: |  1  2  3  4  5  6  7  8  9 |
---------------+----------------------------+-----
Axes           | 4 5 7 8 9 11 13 14 | 14.0
Fighting       | |  3.6
Armour         | |  2.4
Dodging        | |  2.1

Action                   |  1- 3 |  4- 6 |  7- 9 || total
-------------------------+-------+-------+-------++-------
Melee: Hand axe          |    58 |   137 |   233 ||   428
       Headbutt          |     7 |    22 |    54 ||    83
Invok: Berserk           |     1 |     4 |     2 ||     7
       Trog's Hand       |       |     1 |       ||     1
  Eat: Chunk             |     1 |     8 |    11 ||    20
       Fruit             |       |     1 |       ||     1
       Meat ration       |       |     1 |       ||     1
Armor: Animal skin       |    18 |     2 |       ||    20
       Ring mail         |       |    33 |     1 ||    34
       Chain mail        |       |       |    72 ||    72
Dodge: Dodged            |    51 |    63 |    76 ||   190
